 Dungeon Crawl Stone Soup version 0.22-a0-542-gce4f928 (webtiles) character file.

3175 iamserjio the Martial Artist (level 9, 0/75 HPs)
             Began as a Yellow Draconian Monk on June 24, 2018.
             Was an Elder of Cheibriados.
             Slain by a centaur zombie (5 damage)
             ... on level 9 of the Dungeon.
             The game lasted 00:22:20 (2511 turns).

iamserjio the Martial Artist (DrMo)                 Turns: 2511, Time: 00:22:21

Health: 0/75       AC: 11    Str: 23    XL:     9   Next: 63%
Magic:  13/13      EV: 16    Int: 24    God:    Cheibriados [****..]
Gold:   258        SH:  0    Dex: 26    Spells: 13/14 levels left

rFire    . . .     SeeInvis .     - Unarmed
rCold    . . .     Gourm    .   (no shield)
rNeg     . . .     Faith    .   (armour unavailable)
rPois    +         Spirit   .   (helmet restricted)
rElec    .         Reflect  .   d - +2 cloak
rCorr    +         Harm     .   (no gloves)
MR       +....                  c - +0 pair of boots "Icygutrul" {rPois}
Stlth    +++.......             o - amulet of rage
HPRegen  0.22/turn              (no ring)
MPRegen  0.13/turn              (no ring)

@: very slow
A: spit acid, acid resistance, unfitting armour, stinger 1, agile 1, magic
resistance 1, cold-blooded, MP-powered wands, AC +7
a: Breathe Acid, Bend Time, Temporal Distortion, Slouch, Renounce Religion,
Evoke Berserk Rage


You were on level 9 of the Dungeon.
You worshipped Cheibriados.
Cheibriados was greatly pleased with you.
You were not hungry.

You visited 1 branch of the dungeon, and saw 9 of its levels.

You collected 258 gold pieces.

Inventory:

Armour
 c - the +0 pair of boots "Icygutrul" (worn) {rPois}
   (You found it on level 4 of the Dungeon)

   It protects you from poison.
 d - a +2 cloak (worn)
 n - a +0 shield
Jewellery
 o - an amulet of rage (around neck)
Wands
 j - a wand of polymorph (16)
Scrolls
 b - 6 scrolls of remove curse {@r2}
 e - 2 scrolls of magic mapping
 g - 2 scrolls of amnesia
 i - a scroll of teleportation
 l - a scroll of random uselessness
 m - a scroll of fear
 p - a scroll of enchant armour {unknown}
 s - 3 scrolls of enchant weapon {unknown}
Potions
 f - 2 potions of flight
 h - 2 potions of haste
 k - a potion of mutation
 q - a potion of resistance
 r - a potion of curing {unknown}
Comestibles
 a - 5 rations


   Skills:
 + Level 5.9 Fighting
 + Level 4.7 Dodging
 - Level 2.0 Stealth
 * Level 10.1 Unarmed Combat
 + Level 3.3 Spellcasting
 - Level 2.0 Hexes
 + Level 5.7 Invocations


You had 13 spell levels left.
You knew the following spells:

 Your Spells              Type           Power        Failure   Level  Hunger
a - Confusing Touch       Hex            ##....       4%          1    None

Your spell library contained the following spells:

 Spells                   Type           Power        Failure   Level  Hunger
 Confuse                  Hex            ##......     14%         3    ###....
 Metabolic Englaciation   Hex/Ice        #.........   88%         5    ######.
 Petrify                  Tmut/Erth      #.......     71%         4    ####...
 Gell's Gravitas          Tloc           #.........   32%         3    ###....
 Yara's Violent Unravell  Hex/Tmut       #.........   88%         5    ######.


Dungeon Overview and Level Annotations

Branches:
Dungeon (9/15)             Temple (0/1) D:4            Lair (0/6) D:9
    Orc: D:9-12

Altars:
Cheibriados
Trog

Shops:
D:7 [


Innate Abilities, Weirdness & Mutations

You can spit globs of acid.
You are resistant to acid.
Your golden yellow scales are hard. (AC +7)
You cannot fit into any form of body armour.
You are cold-blooded and may be slowed by cold attacks.
Your tail ends in a poisonous barb.
You are agile. (Dex +2)
You are resistant to hostile enchantments. (MR+)
You expend magic power (3 MP) to strengthen your wands.


Message History

You barely miss the killer bee. You tail-slap the killer bee.
The killer bee is almost dead.
The killer bee completely misses you. The centaur zombie misses you.
You pummel the killer bee!!
You kill the killer bee!
Cheibriados thoroughly appreciates the change of pace.
The centaur zombie completely misses you.
You hit the centaur zombie but do no damage.
You tail-slap the centaur zombie. You punch the centaur zombie!
The centaur zombie is moderately damaged.
The centaur zombie barely misses you. The centaur zombie misses you.
You hit the centaur zombie.
Your tail-slap misses the centaur zombie.
The centaur zombie is moderately damaged.
The centaur zombie hits you.
* * * LOW HITPOINT WARNING * * *
You punch the centaur zombie!
The centaur zombie is severely damaged.
The centaur zombie hits you.
You die...

.# #...........## .#
#........<...## .#
#....†........## .#
##...)..........##
.....................##
......................##
.......................##
.......................##
...............@Z...†...##
..........#####...###...#
.........# #†..###....#
.###....# #...###.....
##... #........... #..
#........... .............
..........y....
................


You could see a killer bee (wandering) and a centaur zombie.

Vanquished Creatures
  2 hippogriffs (D:9)
  Edmund (D:5)
  A hell hound (D:9)
  An orc warrior (D:7)
  A sky beast (D:5)
  An ice beast (D:9)
  6 ogres
  A phantom (D:5)
  3 centaurs
  6 bullfrogs
  A scorpion (D:7)
  8 killer bees
  A bullfrog zombie (D:8)
  A jelly (D:9)
  A quasit (D:5)
  2 bullfrog skeletons
  4 orc priests
  A hound (D:5)
  4 orc wizards
  2 iguanas (D:7)
  2 worker ants
  2 hound zombies
  7 adders
  A howler monkey skeleton (D:7)
  2 shadow imps
  3 oozes
  An adder skeleton (D:6)
  A worm (D:5)
  18 orcs
  2 bats
  A giant cockroach (D:1)
  4 goblins
  4 hobgoblins
  7 jackals
  3 quokkas
  2 frilled lizards (D:2)
  5 kobolds
  A quokka skeleton (D:8)
  5 rats
119 creatures vanquished.

Notes
Turn   | Place    | Note
-------+----------+-------------------------------------------
     0 | D:1      | iamserjio the Draconian Monk began the quest for the Orb.
     0 | D:1      | Reached XP level 1. HP: 19/19 MP: 1/1
   210 | D:1      | Reached XP level 2. HP: 26/26 MP: 2/2
   224 | D:2      | Found a bloodstained altar of Trog.
   336 | D:2      | Found a snail-covered altar of Cheibriados.
   349 | D:2      | Became a worshipper of Cheibriados the Contemplative
   349 | D:2      | Reached * piety under Cheibriados
   349 | D:2      | Reached ** piety under Cheibriados
   357 | D:2      | Reached XP level 3. HP: 32/33 MP: 3/3
   700 | D:3      | Reached skill level 4 in Unarmed Combat
   936 | D:4      | Reached XP level 4. HP: 30/40 MP: 4/4
   937 | D:4      | Got a pair of faintly glowing boots
   954 | D:4      | Identified the +0 pair of boots "Icygutrul" {rPois} (You found it on level 4 of the Dungeon)
   955 | D:5      | Entered Level 5 of the Dungeon
   976 | D:4      | Found a staircase to the Ecumenical Temple.
  1086 | D:5      | Reached skill level 5 in Unarmed Combat
  1086 | D:5      | Reached XP level 5. HP: 43/46 MP: 5/5
  1087 | D:5      | Noticed an ogre
  1104 | D:5      | Killed an ogre
  1143 | D:6      | Noticed a phantom
  1149 | D:6      | Reached *** piety under Cheibriados
  1149 | D:6      | Reached skill level 6 in Unarmed Combat
  1163 | D:5      | HP: 2/46 [jackal (2)]
  1165 | D:5      | Gained mutation: You evolve. [potion of mutation]
  1165 | D:5      | Gained mutation: You expend magic power (3 MP) to strengthen your wands. [potion of mutation]
  1165 | D:5      | Gained mutation: You are agile. (Dex +2) [potion of mutation]
  1165 | D:5      | Gained mutation: You are resistant to hostile enchantments. (MR+) [potion of mutation]
  1168 | D:5      | HP: 1/69 [hound (2)]
  1169 | D:5      | Reached XP level 6. HP: 1/52 MP: 2/6
  1174 | D:5      | Reached skill level 7 in Unarmed Combat
  1247 | D:5      | Noticed a sky beast
  1253 | D:5      | HP: 2/52 [something (5)]
  1257 | D:5      | Killed a sky beast
  1257 | D:5      | Your scales start taking on a golden yellow colour.
  1257 | D:5      | Reached XP level 7. HP: 24/59 MP: 3/7
  1319 | D:6      | Noticed Edmund
  1330 | D:5      | Killed Edmund
  1330 | D:5      | Reached skill level 8 in Unarmed Combat
  1398 | D:7      | Reached skill level 1 in Invocations
  1451 | D:9      | Noticed a hippogriff
  1453 | D:9      | Reached skill level 1 in Spellcasting
  1460 | D:9      | HP: 2/59 [poisoned by a killer bee]
  1461 | D:9      | Killed a hippogriff
  1461 | D:9      | Reached XP level 8. HP: 2/67 MP: 9/9
  1465 | D:9      | HP: 2/67 [poisoned by a killer bee]
  1472 | D:9      | HP: 2/67 [poisoned by a killer bee]
  1479 | D:8      | HP: 2/67 [poisoned by a killer bee]
  1883 | D:8      | Reached **** piety under Cheibriados
  1918 | D:8      | Reached skill level 9 in Unarmed Combat
  2081 | D:7      | Found Huanirol's Antique Armour Boutique.
  2099 | D:7      | Learned a level 1 spell: Confusing Touch
  2122 | D:7      | Reached skill level 5 in Fighting
  2170 | D:7      | Reached skill level 1 in Hexes
  2186 | D:7      | Reached XP level 9. HP: 15/74 MP: 12/12
  2201 | D:7      | Gained mutation: Your tail ends in a poisonous barb. [evolution]
  2201 | D:7      | Lost mutation: You evolve. [end of evolution]
  2211 | D:7      | HP: 3/74 [scorpion (6)]
  2284 | D:7      | Reached skill level 5 in Invocations
  2409 | D:9      | Found a staircase to the Lair.
  2463 | D:9      | Reached skill level 10 in Unarmed Combat
  2511 | D:9      | Slain by a centaur zombie

Vault maps used:
D:1:      evilmike_arrival_plus, minmay_misc_feat_alley
D:2:      bloody_trog, cheibriados_altar_1
D:3:      minmay_liquid_box
D:4:      minmay_diamond_boxcup, minmay_temple_entry_overgrown, first_ration,
          hangedman_abyss_or_decor_slice
D:5:      serial_shops, shop
D:6:      uniq_edmund
D:7:      serial_shops, nicolae_shop_statue_plus
D:9:      minmay_lair_entry_lava, blue_anna_alchemist

Skill      XL: |  1  2  3  4  5  6  7  8  9 |
---------------+----------------------------+-----
Stealth        | 2 |  2.0
Dodging        | 3 4 |  4.7
Fighting       | 4 5 |  5.9
Unarmed Combat | 4 5 6 7 8 9 10 | 10.1
Invocations    | 2 4 5 |  5.7
Spellcasting   | 1 2 3 |  3.3
Hexes          | 1 2 |  2.0

Action                   |  1- 3 |  4- 6 |  7- 9 || total
-------------------------+-------+-------+-------++-------
Melee: Unarmed           |   106 |    53 |   235 ||   394
       Tailslap          |    23 |    11 |    58 ||    92
       Punch             |       |     4 |    12 ||    16
 Cast: Confusing Touch   |       |       |     4 ||     4
Invok: Bend Time         |       |     2 |       ||     2
       Slouch            |       |       |     1 ||     1
 Abil: Breathe Acid      |       |       |     7 ||     7
  Use: Scroll            |     5 |     1 |     2 ||     8
       Potion            |       |     7 |     1 ||     8
 Stab: Sleeping          |     6 |     3 |     3 ||    12
       Confused          |       |       |     3 ||     3
       Distracted        |       |       |     1 ||     1
  Eat: Ration            |       |       |     1 ||     1
Armor: Skin              |    31 |    40 |    68 ||   139
Dodge: Dodged            |    71 |   100 |   191 ||   362

Table legend:
 A = Spawn XP
 B = Non-spawn XP
 C = Spawn XP percentage of total XP
 D = Spawn monster count
 E = Non-spawn monster count
 F = Spawn count percentage of total count
 G = Total turns spent on level
                    A         B        C        D         E        F      G
               +---------+---------+-------+---------+---------+-------+---------
         Total |       0 |    4537 |   0.0 |       0 |     119 |   0.0 |  2511
               +---------+---------+-------+---------+---------+-------+---------
           D:1 |       0 |      12 |   0.0 |       0 |       9 |   0.0 |   224
           D:2 |       0 |      37 |   0.0 |       0 |      12 |   0.0 |   331
           D:3 |       0 |      44 |   0.0 |       0 |       9 |   0.0 |   296
           D:4 |       0 |      58 |   0.0 |       0 |       3 |   0.0 |   198
           D:5 |       0 |     854 |   0.0 |       0 |      12 |   0.0 |   259
           D:6 |       0 |     149 |   0.0 |       0 |      10 |   0.0 |    84
           D:7 |       0 |    1487 |   0.0 |       0 |      34 |   0.0 |   382
           D:8 |       0 |     566 |   0.0 |       0 |      16 |   0.0 |   597
           D:9 |       0 |    1330 |   0.0 |       0 |      14 |   0.0 |   140
               +---------+---------+-------+---------+---------+-------+---------
